 Dungeon Crawl Stone Soup version 0.19.0-9-gfd783f2 (webtiles) character file.

2816 YogaGeek the Spear-Bearer (level 9, -13/81 HPs)
             Began as a Minotaur Berserker on Nov 7, 2016.
             Was an Elder of Trog.
             Mangled by a two-headed ogre
             ... wielding a cursed +0 giant spiked club
              (15 damage)
             ... on level 8 of the Dungeon.
             The game lasted 00:47:44 (6812 turns).

YogaGeek the Spear-Bearer (Minotaur Berserker)      Turns: 6812, Time: 00:47:44

Health: -13/81     AC: 11    Str: 24    XL:     9   Next: 44%
Magic:  8/8        EV:  8    Int:  4    God:    Trog [****..]
Gold:   506        SH:  7    Dex: 11    Spells: 0 memorised, 8 levels left

rFire  + + .     SeeInvis .     o - +2 spear (vamp)
rCold  . . .     Gourm    .     x - +1 scale mail {rC+}
rNeg   . . .     Faith    .     y - +0 shield
rPois  .         Spirit   .     (helmet restricted)
rElec  .         Reflect  .     (no cloak)
rCorr  .         Harm     .     g - +1 pair of gloves
MR     .....                    (no boots)
Stlth  ..........               (no amulet)
                                B - ring of fire
                                d - ring of protection from fire

@: no status effects
A: retaliatory headbutt, horns 2
a: Berserk, Trog's Hand, Brothers in Arms, Burn Spellbooks, Renounce Religion


You were on level 8 of the Dungeon.
You worshipped Trog.
Trog was greatly pleased with you.
You were hungry.

You visited 1 branch of the dungeon, and saw 8 of its levels.

You collected 536 gold pieces.
You spent 30 gold pieces at shops.

Inventory:

Hand Weapons
 a - a +1 hand axe
 o - a +2 vampiric spear (weapon)
 D - a -2 war axe
Missiles
 E - 104 stones (quivered)
Armour
 g - a +1 pair of gloves (worn)
 u - a +0 chain mail
 x - a +1 scale mail of cold resistance (worn)
 y - a +0 shield (worn)
Jewellery
 d - a ring of protection from fire (left hand)
 l - a +4 ring of intelligence
 B - a ring of fire (right hand)
 F - an uncursed ring of protection from cold
 I - the ring "Vuraxzak" {*Tele rF+}
   (You found it on level 7 of the Dungeon)

   [ring of teleportation]

   It may teleport you next to monsters.
   It protects you from fire.
Wands
 r - a wand of polymorph (7/24)
 O - a wand of acid (4/15)
Scrolls
 f - 2 scrolls of identify
 h - 2 scrolls of immolation
 v - a scroll of fog
 z - 2 scrolls of magic mapping
 A - 2 scrolls of recharging {unknown}
 C - a scroll of enchant armour {unknown}
 H - 4 scrolls of remove curse
 L - a scroll of teleportation {unknown}
 N - a scroll of fear
Potions
 b - 2 potions of heal wounds {unknown}
 e - a potion of lignification {unknown}
 i - a potion of cancellation {unknown}
 k - a potion of beneficial mutation {unknown}
 m - a potion of might {unknown}
 n - a potion of haste {unknown}
 p - 2 potions of invisibility {unknown}
 s - 3 potions of curing
 w - a potion of magic {unknown}
 G - a potion of agility {unknown}
 J - a potion of brilliance {unknown}
 M - a potion of berserk rage {unknown}
Books
 j - a book of Conjurations

   Spells                             Type                      Level
   a - Magic Dart                     Conjuration                  1
   b - Searing Ray                    Conjuration                  2
   c - Dazzling Spray                 Conjuration/Hexes            3
   d - Fulminant Prism                Conjuration/Hexes            4
   e - Iskenderun's Mystic Blast      Conjuration                  4
   f - Iskenderun's Battlesphere      Conjuration/Charms           5
   Trog disapproves of the use of such an item.
 t - a book of Minor Magic

   Spells                             Type                      Level
   a - Magic Dart                     Conjuration                  1
   b - Blink                          Translocation                2
   c - Call Imp                       Summoning                    2
   d - Repel Missiles                 Charms/Air                   2
   e - Slow                           Hexes                        2
   f - Conjure Flame                  Conjuration/Fire             3
   g - Mephitic Cloud                 Conjuration/Poison/Air       3
   Trog disapproves of the use of such an item.
Comestibles
 c - a slice of pizza
 K - a meat ration


   Skills:
 + Level 8.3 Fighting
 + Level 8.6(10.2) Axes
 * Level 8.9(10.4) Polearms
 + Level 7.3 Armour
 - Level 2.1 Dodging


You had 8 spell levels left.
You didn't know any spells.

Dungeon Overview and Level Annotations

Branches:
Dungeon (8/15)             Temple (0/1) D:4
   Lair: D:8-11

Altars:
Ashenzari
Fedhas
Gozag
Hepliaklqana
Okawaru
Sif Muna
Trog
Uskayaw
Yredelemnul

Shops:
D:6 ([*((


Innate Abilities, Weirdness & Mutations

You reflexively headbutt those who attack you in melee.
You have a pair of horns on your head.


Message History

The two-headed ogre hits you with a giant spiked club!
The two-headed ogre hits you with a giant club!
You hit the two-headed ogre but do no damage.
The two-headed ogre is heavily wounded.
Your shield prevents you from hitting the two-headed ogre.
You headbutt the two-headed ogre, but do no damage.
The two-headed ogre is heavily wounded.
You block the two-headed ogre's attack.
The two-headed ogre hits you with a giant club!
You puncture the two-headed ogre!
You feel better.
The two-headed ogre is severely wounded.
Your shield prevents you from hitting the two-headed ogre.
The two-headed ogre is severely wounded.
The two-headed ogre hits you with a giant spiked club!
The two-headed ogre hits you with a giant club!
* * * LOW HITPOINT WARNING * * *
The two-headed ogre hits you with a giant spiked club!!
* * * LOW HITPOINT WARNING * * *
The two-headed ogre hits you with a giant club!
You die...

#####.# #....##...#....#......#
### #######...##.....######
##########.#......#.#
#^._.^##..........#.##
#########.^.#####.##........####
......##.^^..# #..............##
......###^.^## #.###.###....#...
......####'######.###.# #....####
.......###.# #..@.##..# #.....#
........#..# ##O.....## #.....###
..........## ##.#..######........
.......#######.........####..#...
.........#.).................##..
######.#.#.#.........^.#####.##..
####.........##.#))#..## #.#...
#........##..##.#)###.######.#...
#.##.##.####.##.#.# #.#..........


You could see a two-headed ogre.

Vanquished Creatures
  A hippogriff (D:8)
  The ghost of Strat the Cleaver, an amateur HOGl (D:4)
  A hungry ghost (D:8)
  Duvessa (D:4)
  An ice beast (D:6)
  2 orc warriors
  A phantom (D:7)
  An ogre (D:5)
  2 centaurs
  3 bullfrogs
  A wyvern skeleton (D:6)
  Dowan (D:4)
  4 scorpions
  3 killer bees (D:7)
  8 wights (D:7)
  3 crimson imps
  A bullfrog zombie (D:6)
  A jelly (D:7)
  A centaur skeleton (D:8)
  2 orc priests
  2 iguanas
  2 orc wizards (D:3)
  6 worker ants
  2 worker ant zombies (D:6)
  4 gnolls (D:8)
  2 adders
  2 shadow imps (D:6)
  3 oozes (D:3)
  An adder zombie (D:8)
  An adder skeleton (D:4)
  2 worms (D:2)
  A dart slug (D:2)
  8 leopard geckos
  13 orcs
  5 giant cockroaches
  9 hobgoblins
  2 jackals (D:5)
  2 quokkas
  2 ball pythons
  5 bats
  7 frilled lizards
  9 goblins
  A jackal zombie (D:6)
  8 kobolds
  11 rats
  A spectral orc (D:8)
  2 plants (D:5)
152 creatures vanquished.

Notes
Turn   | Place    | Note
-------+----------+-------------------------------------------
     0 | D:1      | YogaGeek the Minotaur Berserker began the quest for the Orb.
     0 | D:1      | Reached XP level 1. HP: 19/19 MP: 0/0
   214 | D:1      | Reached XP level 2. HP: 27/27 MP: 1/1
   754 | D:2      | You fall through a shaft!
   765 | D:3      | Reached XP level 3. HP: 20/33 MP: 2/2
  1642 | D:2      | Reached ** piety under Trog
  1911 | D:3      | Reached XP level 4. HP: 39/40 MP: 3/3
  2117 | D:3      | Reached skill level 5 in Axes
  2163 | D:3      | Found a deep blue altar of Sif Muna.
  2166 | D:3      | Found a hide-covered altar of Uskayaw.
  2169 | D:3      | Found a hazy altar of Hepliaklqana.
  2627 | D:3      | Reached XP level 5. HP: 47/47 MP: 4/4
  2796 | D:3      | Reached skill level 1 in Polearms
  2969 | D:4      | Reached skill level 5 in Fighting
  3185 | D:4      | Found a shattered altar of Ashenzari.
  3210 | D:4      | Noticed Strat's ghost (amateur HOGl)
  3217 | D:4      | Killed Strat's ghost
  3217 | D:4      | Reached XP level 6. HP: 56/56 MP: 5/5
  3453 | D:4      | Noticed Duvessa
  3453 | D:4      | Noticed Dowan
  3476 | D:4      | Killed Duvessa
  3477 | D:4      | Killed Dowan
  3477 | D:4      | Reached XP level 7. HP: 61/61 MP: 6/6
  3620 | D:4      | Found a staircase to the Ecumenical Temple.
  3893 | D:5      | Entered Level 5 of the Dungeon
  3992 | D:5      | Found a bloodstained altar of Trog.
  4036 | D:5      | Reached skill level 5 in Armour
  4121 | D:5      | Reached *** piety under Trog
  4575 | D:6      | Found Ypnop's Weapon Boutique.
  4600 | D:6      | Reached skill level 5 in Polearms
  4651 | D:6      | Found Wazoamma's Weapon Emporium.
  4665 | D:6      | Found Dowedgh's General Store.
  4670 | D:6      | Bought a scroll of identify for 30 gold pieces
  4741 | D:6      | Reached XP level 8. HP: 70/71 MP: 7/7
  4844 | D:6      | Found a blossoming altar of Fedhas.
  4853 | D:6      | Found Uhiaph's Weapon Shoppe.
  4863 | D:6      | Found an opulent altar of Gozag.
  4863 | D:6      | Found an iron altar of Okawaru.
  5534 | D:6      | Found Mohoq's Antique Armour Shop.
  5935 | D:7      | Found a bloodstained altar of Trog.
  5947 | D:7      | Got a pitted ivory ring
  5987 | D:7      | Reached XP level 9. HP: 77/80 MP: 8/8
  6221 | D:7      | Reached **** piety under Trog
  6562 | D:8      | Found a basalt altar of Yredelemnul.
  6738 | D:8      | Identified the ring "Vuraxzak" {*Tele rF+} (You found it on level 7 of the Dungeon)
  6812 | D:8      | HP: 2/81 [two-headed ogre/giant spiked club (23)]
  6812 | D:8      | Mangled by a two-headed ogre

Skill      XL: |  1  2  3  4  5  6  7  8  9 |
---------------+----------------------------+-----
Axes           | 4 5 6 7 8 |  8.6
Fighting       | 4 5 6 7 8 |  8.3
Armour         | 3 4 5 6 7 |  7.3
Polearms       | 2 3 5 7 8 |  8.9
Dodging        | |  2.1

Action                   |  1- 3 |  4- 6 |  7- 9 || total
-------------------------+-------+-------+-------++-------
Melee: Hand axe          |    84 |    38 |       ||   122
       Headbutt          |    11 |    14 |    84 ||   109
       Spear             |       |    42 |   389 ||   431
Throw: Stone             |       |       |     4 ||     4
Invok: Berserk           |     6 |     4 |     5 ||    15
  Use: Scroll            |     4 |     4 |    10 ||    18
 Stab: Sleeping          |     1 |       |       ||     1
  Eat: Chunk             |     3 |       |     4 ||     7
       Bread ration      |     1 |     2 |     3 ||     6
       Beef jerky        |     1 |       |     1 ||     2
       Meat ration       |       |     1 |       ||     1
Armor: Animal skin       |    12 |       |       ||    12
       Scale mail        |    22 |    21 |    97 ||   140
       Chain mail        |       |     5 |       ||     5
Dodge: Dodged            |    52 |    31 |    86 ||   169
Block: Shield            |       |       |    86 ||    86
